 Dungeon Crawl Stone Soup version 0.31.0-9-g3a7656b989 (webtiles) character file.

Game seed: 8543518422674886079

18538 Querens the Eclecticist (level 12, -5/53 (59) HPs)
             Began as a Deep Elf Conjurer on Jan 30, 2024.
             Was a High Priest of Vehumet.
             Slain by a soul eater (6 damage)
             ... summoned by an orc sorcerer
             ... on level 2 of the Orcish Mines.
             The game lasted 00:56:52 (7790 turns).

Querens the Eclecticist (Deep Elf Conjurer)         Turns: 7790, Time: 00:56:53

HP:   -5/53 (59)    AC: 11    Str:  4    XL:     12   Next: 28%
MP:   10/42         EV: 12    Int: 29    God:    Vehumet [*****.]
Gold: 753           SH: 10    Dex: 19    Spells: 19/42 levels left

rFire   + + .        m - +8 sling "Orb Guardian's Death" {speed, rPois rF+}
rCold   + . .        T - +0 buckler
rNeg    . . .        l - +2 robe
rPois   +            o - +2 helmet
rElec   .            H - scarf {rC+ rF+}
rCorr   .            M - +0 pair of gloves
SInv    .            a - +2 pair of boots
Will    +....        A - amulet of reflection
Stlth   ++           L - ring of magical power
HPRegen 0.28/turn    s - +6 ring of dexterity
MPRegen 0.28/turn

%: reflection
@: heavily drained
A: no striking features
a: Renounce Religion


You were on level 2 of the Orcish Mines.
You worshipped Vehumet.
Vehumet was extremely pleased with you.
You visited 3 branches of the dungeon, and saw 13 of its levels.
You also visited: Ossuary.

You collected 1200 gold pieces.
You spent 447 gold pieces at shops.

Inventory:

Hand Weapons
 m - the +8 sling "Orb Guardian's Death" (weapon) {speed, rPois rF+}
   (You found it on level 3 of the Dungeon)

   rF+:       It protects you from fire.
   rPois:     It protects you from poison
 n - the +2 hand axe "Qosip" {heavy, rN+ Int+3}
   (You found it on level 3 of the Dungeon)

   Int+3:     It affects your intelligence (+3).
   rN+:       It protects you from negative energy.
 G - the +8 trident of the Octopus King {venom, rElec rPois}
   (You found it on level 6 of the Dungeon)

   rElec:     It insulates you from electricity.
   rPois:     It protects you from poison
 P - the +6 hand axe of Fragile Peace {speed, Int+6}
   (You found it on level 8 of the Dungeon)

   Int+6:     It affects your intelligence (+6).
Armour
 a - a +2 pair of boots (worn)
 l - a +2 robe (worn)
 o - a +2 helmet (worn)
 t - an orb of guile
 H - a scarf of resistance (worn)
 K - a +3 leather armour of positive energy
 M - a +0 pair of gloves (worn)
 T - a +0 buckler (worn)
Magical Staves
 Q - a staff of cold
Jewellery
 c - a ring of resist corrosion
 s - a +6 ring of dexterity (right hand)
 A - an amulet of reflection (around neck)
 F - a ring of fire
 I - a ring of positive energy
 L - a ring of magical power (left hand)
Talismans
 y - a maw talisman
Wands
 j - a wand of roots (2)
 u - a wand of polymorph (11)
 x - a wand of digging (7)
Scrolls
 e - 2 scrolls of enchant armour {unknown}
 f - 3 scrolls of poison
 i - 8 scrolls of noise
 p - 3 scrolls of fear
 r - 4 scrolls of teleportation
 B - 2 scrolls of silence
 E - 4 scrolls of enchant weapon
 J - a scroll of revelation
 R - 2 scrolls of fog
 S - 2 scrolls of immolation
 U - a scroll of identify
Potions
 b - 3 potions of magic
 d - 2 potions of brilliance
 g - 4 potions of heal wounds
 h - 2 potions of berserk rage
 k - 5 potions of curing
 q - 5 potions of mutation
 v - 2 potions of enlightenment
 w - 3 potions of attraction
 z - 2 potions of resistance
 C - 3 potions of lignification
 D - 3 potions of ambrosia
 N - a potion of might {unknown}
 O - a potion of haste


   Skills:
 - Level 14.0 Ranged Weapons
 - Level 2.4 Dodging
 - Level 2.4 Stealth
 + Level 0.8 Shields
 + Level 15.9 Spellcasting
 + Level 14.0 Conjurations


You had 19 spell levels left.
You knew the following spells:

 Your Spells              Type           Power      Damage    Failure   Level
a - Magic Dart            Conj           100%       1d8       0%          1
b - Searing Ray           Conj           100%       2d8       0%          2
c - Iskenderun's Mystic   Conj/Tloc      59%        2d12      1%          4
d - Slow                  Hex            92%        N/A       4%          1
e - Fulminant Prism       Conj/Alch      29%        3d13      1%          4
f - Iskenderun's Battles  Conj           81%        2d13      1%          5
g - Swiftness             Air            23%        N/A       12%         3
h - Mephitic Cloud        Conj/Alch/Air  50%        N/A       1%          3

Your spell library contained the following spells:

 Spells                   Type           Power      Damage    Failure   Level
 Conjure Ball Lightning   Conj/Air       29%        3x3d8     10%         6
 Static Discharge         Conj/Air       100%       3-8/arc   1%          2
 Jinxbite                 Hex            46%        N/A       6%          2
 Bombard                  Conj/Erth      29%        9d5       10%         6
 Confusing Touch          Hex            23%        N/A       12%         3
 Ozocubu's Armour         Ice            23%        N/A       12%         3
 Sigil of Binding         Hex            23%        N/A       12%         3
 Vampiric Draining        Necr           23%        2d7       12%         3
 Yara's Violent Unravell  Hex/Alch       11%        3d6       28%         5
 Dispel Undead            Necr           23%        3d12      38%         4
 Spellforged Servitor     Conj/Summ      29%        N/A       43%         7
 Borgnjor's Vile Clutch   Necr/Erth      11%        N/A       75%         5
 Metabolic Englaciation   Hex/Ice        11%        N/A       75%         5
 Sculpt Simulacrum        Ice/Alch       11%        N/A       99%         6
 Enfeeble                 Hex            11%        N/A       100%        7


Dungeon Overview and Level Annotations

Branches:
Dungeon (10/15)            Temple (1/1) D:7             Orc (2/2) D:10
Ossuary (visited)
   Lair: D:8-11         Elf: Orc:2

Altars:
Ashenzari
Cheibriados
Dithmenos
Elyvilon
Fedhas
Gozag
Hepliaklqana
Kikubaaqudgha
Makhleb
Nemelex Xobeh
Okawaru
Qazlal
Ru
Sif Muna
Trog
Uskayaw
Vehumet
Wu Jian
Xom
Yredelemnul
Zin
The Shining One

Shops:
D:5 ?   D:7 (   D:8 !   Orc:2 [?


Message History

The barrage of energy hits the soul eater!
The soul eater is moderately wounded.
Unknown command.
Unknown command.
Casting: Iskenderun's Mystic Blast (dangerous; 1% risk of failure)
Confirm with . or Enter, or press ? or * to list all spells.
Aiming: Searing Ray (safe; 0% risk of failure)
Press: ? - help, Shift-Dir - straight line, f/p - orc sorcerer
Aim: an orc sorcerer, wielding a +0 dagger and wearing a +0 robe (severely wounded, 79% to hit)
The searing ray hits the orc sorcerer but does no damage.
The orc sorcerer is severely wounded. (Press . to maintain the ray.)
Your battlesphere fires!
The barrage of energy hits the soul eater but does no damage.
The soul eater is moderately wounded.
Unknown command.
The searing ray hits the orc sorcerer!
The orc sorcerer is almost dead.
The searing ray hits the orc priest!
The orc priest is almost dead.
The orc sorcerer gestures at you while chanting.
The bolt of negative energy hits the soul eater.
The soul eater completely resists.
The bolt of negative energy hits you!!
You feel drained.
Ouch! That really hurt!
The bolt of negative energy hits your battlesphere.
Your battlesphere completely resists.
The soul eater hits you.
* * * LOW HITPOINT WARNING * * *
The searing ray misses the orc sorcerer.
The searing ray hits the chaos spawn.
The chaos spawn is moderately wounded.
Your battlesphere fires!
The barrage of energy hits the soul eater!
The soul eater is severely wounded.
The orc priest calls upon Beogh to heal the orc sorcerer.
The orc sorcerer is healed somewhat.
The soul eater hits you!
* * * LOW HITPOINT WARNING * * *
You feel drained.
You die...

#.....## #.### #....#
#)#.. #....####.'..
##....'...)#..
########...######.###
#.#..#.....# ####..).
#........## #..####.
#...*.##.# #.)'....
##. ###@..#..#
#..#....
#...4####o3.##..#
#####....
#).⌠oo○.#..####..
#.).#....
#....###4o## ###
#..[#.##' ##. ####
#'##.#.. #....#..
######## #. ....


You could see a soul eater (summoned, ally target), an orc sorcerer, a chaos
spawn (summoned), an orc priest and a friendly battlesphere.

Vanquished Creatures
  3 two-headed ogres
  An orc high priest (Orc:2)
  Nergalle (Orc:1)
  3 orc knights (Orc:2)
  6 orc sorcerers
  2 kobold blastminers (Orc:2)
  4 trolls
  2 hornets
  A vampire (D:7)
  3 wargs (Orc:1)
  7 yaks (D:10)
  A water moccasin (D:8)
  An ice beast (D:6)
  31 orc warriors
  A black bear (D:6)
  11 ogres
  4 centaurs
  2 phantoms
  4 kobold brigands
  2 bullfrogs
  4 scorpions
  15 wights
  2 burial acolytes (Ossuary)
  17 killer bees
  2 electric eels
  2 howler monkeys (D:6)
  4 hounds
  4 jellies
  9 orc priests
  3 gnoll boudas
  6 iguanas
  Jessica (D:3)
  18 orc wizards
  5 mummies
  7 gnolls
  11 adders
  2 white imps
  2 ufetubi (D:5)
  A ribbon worm (D:3)
  4 dart slugs
  80 orcs
  7 endoplasms
  2 giant cockroaches (D:3)
  7 goblins
  7 hobgoblins
  2 jackals (D:2)
  17 kobolds
  3 quokkas
  8 ball pythons
  6 bats
  2 frilled lizards
  2 gnoll zombies (Ossuary)
  A goblin zombie (D:5)
  2 kobold zombies (Ossuary)
  5 orc zombies
  A rat (D:3)
361 creatures vanquished.

Vanquished Creatures (others)
  2 fulminant prisms
2 creatures vanquished.

Grand Total: 363 creatures vanquished

Notes
Turn   | Place    | Note
-------+----------+-------------------------------------------
     0 | D:1      | Querens the Deep Elf Conjurer began the quest for the Orb.
     0 | D:1      | Reached XP level 1. HP: 10/10 MP: 6/6
   163 | D:1      | Reached XP level 2. HP: 15/15 MP: 2/8
   167 | D:1      | Learned a level 2 spell: Searing Ray
   383 | D:1      | Reached skill level 4 in Spellcasting
   444 | D:1      | Reached XP level 3. HP: 17/19 MP: 4/10
   514 | D:2      | Reached skill level 5 in Conjurations
   653 | D:2      | Found a faded altar of an unknown god.
   716 | D:2      | Reached XP level 4. HP: 14/24 MP: 4/12
  1091 | D:2      | Found a sacrificial altar of Ru.
  1100 | D:2      | Reached skill level 5 in Spellcasting
  1157 | D:3      | Noticed Jessica
  1159 | D:3      | Killed Jessica
  1184 | D:3      | Found a burning altar of Makhleb.
  1197 | D:3      | Reached XP level 5. HP: 28/28 MP: 8/14
  1235 | D:3      | Identified the +8 sling "Orb Guardian's Death" {speed,
                  | rPois rF+}
  1238 | D:3      | Identified the +2 hand axe "Qosip" {heavy, rN+ Int+3}
  1534 | D:4      | Reached skill level 1 in Ranged Weapons
  1636 | D:4      | Reached skill level 6 in Spellcasting
  1636 | D:4      | Reached XP level 6. HP: 31/32 MP: 17/17
  1648 | D:4      | Learned a level 4 spell: Iskenderun's Mystic Blast
  1873 | D:4      | Reached XP level 7. HP: 36/36 MP: 19/19
  1968 | D:4      | Reached skill level 7 in Spellcasting
  2048 | D:4      | Reached skill level 5 in Ranged Weapons
  2081 | D:5      | Entered Level 5 of the Dungeon
  2237 | D:5      | Found Kar Neko's Magic Scroll Shoppe.
  2240 | D:5      | Bought a scroll of noise for 12 gold pieces
  2240 | D:5      | Bought a scroll of identify for 24 gold pieces
  2240 | D:5      | Bought a scroll of identify for 24 gold pieces
  2240 | D:5      | Bought a scroll of identify for 24 gold pieces
  2240 | D:5      | Bought a scroll of identify for 24 gold pieces
  2240 | D:5      | Bought a scroll of identify for 24 gold pieces
  2491 | D:5      | Reached skill level 8 in Spellcasting
  2596 | D:5      | Reached XP level 8. HP: 41/41 MP: 22/22
  2629 | D:5      | Found a sand-covered staircase.
  2639 | Ossuary  | Entered an ossuary
  3398 | D:6      | Reached skill level 9 in Spellcasting
  3439 | D:6      | Found the +8 trident of the Octopus King {venom, rElec
                  | rPois}
  3657 | D:6      | Found an opulent altar of Gozag.
  3657 | D:6      | Found a sacrificial altar of Ru.
  3662 | D:6      | Found a faded altar of an unknown god.
  3664 | D:6      | Found an ancient bone altar of Kikubaaqudgha.
  3665 | D:6      | Found a white marble altar of Elyvilon.
  3782 | D:6      | Learned a level 1 spell: Slow
  3787 | D:6      | Learned a level 4 spell: Fulminant Prism
  3808 | D:6      | Reached XP level 9. HP: 45/45 MP: 24/24
  3921 | D:7      | Found a shimmering blue altar of Sif Muna.
  3981 | D:7      | Found a sparkling altar of Nemelex Xobeh.
  3991 | D:7      | Reached skill level 10 in Spellcasting
  4075 | D:7      | Found a bloodstained altar of Trog.
  4224 | D:7      | Found a radiant altar of Vehumet.
  4252 | D:7      | Found Loixozem's Weapon Shop.
  4283 | D:7      | Found a staircase to the Ecumenical Temple.
  4366 | Temple   | Entered the Ecumenical Temple
  4459 | D:7      | Became a worshipper of Vehumet
  4531 | D:8      | Reached skill level 11 in Spellcasting
  4531 | D:8      | Reached skill level 10 in Conjurations
  4661 | D:8      | Learned a level 5 spell: Iskenderun's Battlesphere
  4713 | D:8      | Found Jadeyjurri's Distillery.
  4727 | D:8      | Bought a potion of attraction for 45 gold pieces
  4727 | D:8      | Bought a potion of haste for 150 gold pieces
  4744 | D:8      | Reached skill level 10 in Ranged Weapons
  4807 | D:8      | Identified the +6 hand axe of Fragile Peace {speed, Int+6}
  4832 | D:8      | Reached XP level 10. HP: 50/50 MP: 27/27
  4875 | D:8      | Reached * piety under Vehumet
  4875 | D:8      | Offered knowledge of Freeze by Vehumet.
  5102 | D:8      | Bought a potion of ambrosia for 120 gold pieces
  5107 | D:9      | Noticed a two-headed ogre
  5479 | D:9      | Killed a two-headed ogre
  5480 | D:9      | Reached skill level 12 in Spellcasting
  5583 | D:9      | Found an ornate altar of the Wu Jian Council.
  5657 | D:9      | Found a snail-covered altar of Cheibriados.
  5663 | D:9      | Found a glowing silver altar of Zin.
  5890 | D:10     | Entered Level 10 of the Dungeon
  5910 | D:10     | Found a staircase to the Orcish Mines.
  5912 | D:10     | Reached ** piety under Vehumet
  5917 | D:10     | Offered knowledge of Momentum Strike by Vehumet.
  6085 | D:10     | Reached skill level 13 in Spellcasting
  6289 | D:10     | Found a shadowy altar of Dithmenos.
  6359 | D:10     | Noticed a two-headed ogre
  6375 | D:10     | Killed a two-headed ogre
  6376 | D:10     | Reached XP level 11. HP: 54/54 MP: 30/30
  6380 | D:10     | Got Voimaule's Parchment of Postmortem Astrapomancy
  6541 | Orc:1    | Entered Level 1 of the Orcish Mines
  6572 | Orc:1    | Offered knowledge of Stone Arrow by Vehumet.
  6772 | Orc:1    | Noticed an orc sorcerer
  6775 | Orc:1    | Killed an orc sorcerer
  6788 | Orc:1    | Noticed Nergalle
  6806 | Orc:1    | Killed Nergalle
  6893 | Orc:2    | Entered Level 2 of the Orcish Mines
  6895 | Orc:2    | Reached *** piety under Vehumet
  6904 | Orc:2    | Noticed a two-headed ogre
  6914 | Orc:2    | Killed a two-headed ogre
  6915 | Orc:2    | Reached skill level 14 in Spellcasting
  6972 | Orc:2    | Offered knowledge of Hailstorm by Vehumet.
  7200 | Orc:2    | Reached **** piety under Vehumet
  7272 | Orc:2    | Learned a level 3 spell: Swiftness
  7279 | Orc:2    | Found Cuoph's Armour Boutique.
  7279 | Orc:2    | Noticed an orc knight
  7283 | Orc:2    | Offered knowledge of Mephitic Cloud by Vehumet.
  7289 | Orc:2    | Killed an orc knight
  7321 | Orc:2    | Noticed an orc sorcerer
  7325 | Orc:2    | Killed an orc sorcerer
  7391 | Orc:2    | Noticed an orc knight
  7391 | Orc:2    | Noticed an orc sorcerer
  7391 | Orc:2    | Noticed an orc sorcerer
  7392 | Orc:2    | Noticed a soul eater
  7394 | Orc:2    | Killed an orc sorcerer
  7398 | Orc:2    | Killed an orc sorcerer
  7402 | Orc:2    | Killed an orc knight
  7403 | Orc:2    | Reached skill level 15 in Spellcasting
  7436 | Orc:2    | Learned a level 3 spell: Mephitic Cloud
  7448 | Orc:2    | Found Tufass's Magic Scroll Shop.
  7448 | Orc:2    | Noticed an orc knight
  7457 | Orc:2    | Killed an orc knight
  7458 | Orc:2    | Reached XP level 12. HP: 59/59 MP: 15/33
  7486 | Orc:2    | Noticed an orc high priest
  7496 | Orc:2    | Killed an orc high priest
  7740 | Orc:2    | Reached ***** piety under Vehumet
  7775 | Orc:2    | Offered knowledge of Conjure Ball Lightning by Vehumet.
  7790 | Orc:2    | HP: 1/56 [soul eater[an orc sorcerer] (15)]
  7790 | Orc:2    | Slain by a soul eater

Illustrated notes

Levels and vault maps discovered:
D:1:      amcnicky_arrival_blooded_trapdoor, layout_loops_ring, serial_glass,
          glass_columns_a, glass_columns_a, glass_columns_b, glass_columns_c,
          minmay_strange_pillars, minmay_strange_pillars, due_unseen_surprise,
          item_on_display_a, minmay_misc_feat_hallway
D:2:      layout_loops_ring, basic_altar, ebering_ecumenical_altar_abandoned
D:3:      layout_rooms, overflow_temple_1_default, uniq_jessica
D:4:      layout_loops_ring
D:5:      layout_loops_corners, nicolae_ossuary_entry_giza, serial_shops,
          nicolae_shop_real_fake_doors
D:6:      minmay_evil_eye, layout_basic, chequers_temple_overflow_minitemple,
          lightli_minifort
D:7:      layout_loops_cross, mainiacjoe_overflow_cross_hatched,
          mainiacjoe_overflow_alcove_2, mainiacjoe_overflow_surrounded_room,
          nicolae_vehumet_altar_sigil, serial_shops, shop
D:8:      layout_loops_ring, serial_shops, nicolae_shop_tiny_waterfront,
          billiards_dpeg
D:9:      layout_irregular_city, nzn_wu_jian_council_hall,
          amethyst_overflow_temple_binary, serial_bayou_pond_b,
          lemuel_flame_loot_1
D:10:     layout_loops_ring, lemuel_round_altar, david_orc_3
Temple:   dpeg_three_leaves_temple
Orc:1:    layout_caves, uniq_nergalle
Orc:2:    pubby_orc_utopia, serial_shops

Skill      XL: |  1  2  3  4  5  6  7  8  9 10 11 12 |
---------------+-------------------------------------+-----
Spellcasting   | 4 5 6 8 9 11 13 15 | 15.9
Conjurations   | 5 6 7 9 10 11 13 14 | 14.0
Ranged Weapons | 2 3 5 8 10 12 14 | 14.0
Dodging        | |  2.4
Stealth        | |  2.4
Shields        | |  0.8

Action                     |  1- 3 |  4- 6 |  7- 9 | 10-12 || total
---------------------------+-------+-------+-------+-------++-------
  Melee: Unarmed           |     6 |       |       |       ||     6
         Dagger            |    11 |    20 |       |       ||    31
   Fire: Sling             |       |    70 |   379 |   355 ||   804
   Cast: Magic Dart        |    46 |     2 |       |       ||    48
         Searing Ray       |     5 |     4 |     3 |     4 ||    16
         Iskenderun's Myst |       |       |    16 |    85 ||   101
         Iskenderun's Batt |       |       |       |    16 ||    16
         Fulminant Prism   |       |       |       |     2 ||     2
  Evoke: Wand              |       |       |     2 |       ||     2
    Use: Scroll            |       |       |    12 |     3 ||    15
         Potion            |       |       |       |     1 ||     1
 Armour: Robe              |    50 |    18 |    63 |    47 ||   178
  Dodge: Dodged            |    69 |    33 |    50 |    35 ||   187
  Block: Other             |       |       |    16 |     5 ||    21
         Reflection        |       |       |     5 |     7 ||    12
         Buckler           |       |       |       |    14 ||    14
